 Dungeon Crawl Stone Soup version 0.23.0 (webtiles) character file.

Game seed: 18307491042140032684

338 tidbits the Charmwright (level 6, 51/51 HPs)
             Began as a Gnoll Skald on Feb 11, 2019.
             Quit the game in a sewer.
             The game lasted 00:06:49 (728 turns).

tidbits the Charmwright (Gnoll Skald)                Turns: 728, Time: 00:06:50

Health: 51/51      AC:  4    Str: 19    XL:     6   Next: 55%
Magic:  10/14      EV: 14    Int: 17    God:
Gold:   77         SH:  0    Dex: 14    Spells: 4/15 levels left

rFire    . . .     SeeInvis .   a - +2 spear (distort)
rCold    + . .     Gourm    .   (no shield)
rNeg     . . .     Faith    .   b - +0 leather armour
rPois    .         Spirit   .   E - +0 helmet
rElec    .         Reflect  .   (no cloak)
rCorr    .         Harm     +   (no gloves)
MR       .....                  (no boots)
Stlth    ++........             f - amulet of harm
HPRegen  0.17/turn              n - ring of protection from cold
MPRegen  0.14/turn              (no ring)

@: mighty
A: distributed training, fangs 1, strong nose
a: no special abilities


You were in a sewer.
You were very hungry.

You visited 1 branch of the dungeon, and saw 4 of its levels.
You also visited: Sewer.

You collected 77 gold pieces.

Inventory:

Hand Weapons
 a - a +2 spear of distortion (weapon)
   (You found it on level 3 of the Dungeon)
 i - a +0 spear
 k - a +0 hunting sling
 t - a +0 short sword of electrocution
   (You took it off a kobold on level 3 of the Dungeon)
 u - a +0 scythe
Missiles
 c - 39 stones (quivered)
 e - 5 tomahawks
 p - 20 bolts
 v - 17 arrows
Armour
 b - a +0 leather armour (worn)
 E - a +0 helmet (worn)
Jewellery
 f - an amulet of harm (around neck)
   (You found it on level 1 of the Dungeon)
 n - a ring of protection from cold (left hand)
   (You found it on level 2 of the Dungeon)
Scrolls
 h - a scroll of immolation {unknown}
 l - a scroll of amnesia {unknown}
 m - a scroll of enchant armour {unknown}
 o - a scroll of noise {unknown}
 q - 3 scrolls of identify {unknown}
 s - a scroll of remove curse {unknown}
 w - 3 scrolls of blinking {unknown}
 y - a scroll of teleportation {unknown}
Potions
 j - 2 potions of curing
 z - a potion of heal wounds
Comestibles
 d - 3 rations


   Skills:
 + Level 5.0 Fighting
 + Level 2.0 Short Blades
 + Level 2.0 Long Blades
 + Level 2.0 Axes
 + Level 2.0 Maces & Flails
 + Level 5.0 Polearms
 + Level 2.0 Staves
 + Level 2.0 Slings
 + Level 2.0 Bows
 + Level 2.0 Crossbows
 + Level 2.0 Throwing
 + Level 3.2 Armour
 + Level 5.0 Dodging
 + Level 2.0 Stealth
 + Level 2.0 Shields
 + Level 2.0 Unarmed Combat
 + Level 5.3 Spellcasting
 + Level 1.5 Conjurations
 + Level 1.5 Hexes
 + Level 5.6 Charms
 + Level 1.5 Summonings
 + Level 1.5 Necromancy
 + Level 1.5 Translocations
 + Level 1.5 Transmutations
 + Level 1.5 Fire Magic
 + Level 1.5 Ice Magic
 + Level 1.5 Air Magic
 + Level 1.5 Earth Magic
 + Level 1.5 Poison Magic
 + Level 2.1 Invocations
 + Level 2.0 Evocations


You had 4 spell levels left.
You knew the following spells:

 Your Spells              Type           Power        Failure   Level  Hunger
g - Shroud of Golubria    Chrm/Tloc      ###.......   5%          2    #......
i - Infusion              Chrm           ###.         1%          1    None
r - Regeneration          Chrm/Necr      ###.......   11%         3    ##.....
w - Spectral Weapon       Hex/Chrm       ###.....     11%         3    ##.....
y - Song of Slaying       Chrm           ###.....     2%          2    #......

Your spell library contained the following spells:

 Spells                   Type           Power        Failure   Level  Hunger


Dungeon Overview and Level Annotations

Branches:
Dungeon (4/15)
 Temple: D:4-7

Altars:
Okawaru
Trog


Innate Abilities, Weirdness & Mutations

Your experience applies equally to all skills.
You have very sharp teeth.
Your uncanny sense of smell can sniff out nearby items.


Message History

The adder closely misses you. The adder bites you.
You are poisoned.
The adder poisons you!
You closely miss the adder. Your bite misses the adder.
You feel sick.
Your spectral weapon hits the adder from afar.
Space bends around the adder.
The adder misses you.
Your unstable footing causes you to fumble your attack.
The adder bites you.
Your unstable footing causes you to fumble your attack.
You feel sick. The adder bites you.
You hit the adder.
You kill the adder!
Your base Short Blades skill increases to level 2!
Your base Long Blades skill increases to level 2!
Your base Axes skill increases to level 2!
Your base Maces & Flails skill increases to level 2!
Your base Staves skill increases to level 2!
Your base Slings skill increases to level 2!
Your base Bows skill increases to level 2!
Your base Crossbows skill increases to level 2!
Your base Throwing skill increases to level 2!
Your base Stealth skill increases to level 2!
Your base Shields skill increases to level 2!
Your base Unarmed Combat skill increases to level 2!
Your base Evocations skill increases to level 2!
Your unstable footing causes you to fumble your attack.
The river rat misses you.
You hit the river rat but do no damage.
The river rat is devoured by a tear in reality.
You feel sick.
No target in view!
No target in view!
You see here an adder corpse.
You feel sick.
Found a gate leading back out of this place.
Casting: Spectral Weapon (safe; 12% risk of failure)
Confirm with . or Enter, or press ? or * to list all spells.
Your skin crawls.
Unknown command.
You enter the shallow water.
Moving in this stuff is going to be slow.
You feel sick.
You feel sick.
Your skin is crawling a little less now.
A rat comes into view.
You feel sick.
You are no longer poisoned.
Your spectral weapon fades away.
Your skin stops crawling.
Casting: Regeneration (safe; 12% risk of failure)
Confirm with . or Enter, or press ? or * to list all spells.
You miscast Spectral Weapon.
You are very lightly contaminated with residual magic.
Your hands glow momentarily.
Casting: Spectral Weapon (safe; 12% risk of failure)
Confirm with . or Enter, or press ? or * to list all spells.
You draw out your weapon's spirit!
You are feeling very hungry.
Attack whom?
Press: ? - help, Dir - move target cursor, f - rat
Aim: a rat You reach to attack!
You barely miss the rat.
Your spectral weapon hits the rat.
Space bends around the rat.
You kill the rat!
You enter the shallow water.
Moving in this stuff is going to be slow.
You enter the shallow water.
Moving in this stuff is going to be slow.
A ball python comes into view.
The ball python hisses angrily.
The ball python barely misses you. The ball python closely misses you.
Your unstable footing causes you to fumble your attack.
The ball python barely misses you. The ball python grabs you.
The ball python constricts you.
You hit the ball python.
You kill the ball python!
Your life force feels restored.
You enter the shallow water.
Moving in this stuff is going to be slow.
Your spectral weapon fades away.
Your magical contamination has completely faded away.
Found a scroll labeled LYNUKA FUBBAU and a fizzy golden potion.
There are no items here.
Unknown command.
You see here a scroll labeled LYNUKA FUBBAU.
y - a scroll labeled LYNUKA FUBBAU You enter the shallow water.
Moving in this stuff is going to be slow.
You see here a fizzy golden potion.
z - 2 fizzy golden potions (gained 1) It was a potion of curing.
You feel better.
It was a potion of heal wounds.
You feel much better.
It was a potion of haste.
You feel yourself speed up.
It was a potion of cancellation.
Your magical effects are unravelling.
You feel magically purged.
You feel yourself slow down.
It was a potion of might.
You feel very mighty all of a sudden.
Are you sure you want to abandon this character and quit the game? (Confirm with "yes".)

##..≈## ##.≈.## ##≈##
##≈## #≈# #≈# #≈# #≈#
##≈## ##≈## ##...##
##..≈##
.≈####.....#####≈...≈###
≈≈≈≈≈≈.≈≈.≈≈≈≈≈≈≈.∩..≈≈≈
.####.@...#####≈....###
##.≈≈## ##.≈.## ##≈##
##≈## #≈# ∆ #≈# #≈≈ ∆ ∆
#≈# #≈## ∆ #≈# ##≈##
##≈## ##.≈≈## ##.≈.##
..####.≈...#####..≈..###


There were no monsters in sight!

Vanquished Creatures
  Sigmund (D:3)
  A big kobold (Sewer)
  6 adders
  2 oozes
  3 worms
  An orc (D:2)
  2 ball pythons
  A giant cockroach (D:2)
  3 goblins
  A hobgoblin (D:2)
  3 bats
  5 frilled lizards
  8 kobolds
  4 rats
41 creatures vanquished.

Vanquished Creatures (others)
  A river rat (Sewer)
1 creature vanquished.

Grand Total: 42 creatures vanquished

Notes
Turn   | Place    | Note
-------+----------+-------------------------------------------
     0 | D:1      | tidbits the Gnoll Skald began the quest for the Orb.
     0 | D:1      | Reached XP level 1. HP: 20/20 MP: 6/6
   109 | D:2      | Reached XP level 2. HP: 26/26 MP: 1/7
   144 | D:2      | Found a bloodstained altar of Trog.
   150 | D:2      | Reached XP level 3. HP: 28/31 MP: 0/9
   156 | D:2      | Learned a level 2 spell: Song of Slaying
   159 | D:2      | Learned a level 2 spell: Shroud of Golubria
   163 | D:2      | Learned a level 3 spell: Regeneration
   167 | D:2      | Learned a level 3 spell: Spectral Weapon
   199 | D:2      | Reached skill level 5 in Spellcasting
   301 | D:2      | Reached skill level 1 in Invocations
   361 | D:3      | Noticed Sigmund
   377 | D:3      | Killed Sigmund
   377 | D:3      | Reached skill level 1 in Short Blades
   377 | D:3      | Reached skill level 1 in Long Blades
   377 | D:3      | Reached skill level 1 in Axes
   377 | D:3      | Reached skill level 1 in Maces & Flails
   377 | D:3      | Reached skill level 1 in Staves
   377 | D:3      | Reached skill level 1 in Slings
   377 | D:3      | Reached skill level 1 in Bows
   377 | D:3      | Reached skill level 1 in Crossbows
   377 | D:3      | Reached skill level 1 in Throwing
   377 | D:3      | Reached skill level 3 in Armour
   377 | D:3      | Reached skill level 1 in Stealth
   377 | D:3      | Reached skill level 1 in Shields
   377 | D:3      | Reached skill level 1 in Unarmed Combat
   377 | D:3      | Reached skill level 1 in Conjurations
   377 | D:3      | Reached skill level 1 in Hexes
   377 | D:3      | Reached skill level 1 in Summonings
   377 | D:3      | Reached skill level 1 in Necromancy
   377 | D:3      | Reached skill level 1 in Translocations
   377 | D:3      | Reached skill level 1 in Transmutations
   377 | D:3      | Reached skill level 1 in Fire Magic
   377 | D:3      | Reached skill level 1 in Ice Magic
   377 | D:3      | Reached skill level 1 in Air Magic
   377 | D:3      | Reached skill level 1 in Earth Magic
   377 | D:3      | Reached skill level 1 in Poison Magic
   377 | D:3      | Reached skill level 1 in Evocations
   377 | D:3      | Reached XP level 4. HP: 27/38 MP: 8/11
   377 | D:3      | Reached XP level 5. HP: 31/43 MP: 8/12
   449 | D:3      | Found an iron altar of Okawaru.
   535 | D:3      | Reached XP level 6. HP: 49/50 MP: 9/13
   587 | D:4      | Found a glowing drain.
   591 | Sewer    | Entered a sewer
   598 | Sewer    | Reached skill level 2 in Invocations
   653 | Sewer    | Reached skill level 5 in Fighting
   653 | Sewer    | Reached skill level 5 in Polearms
   653 | Sewer    | Reached skill level 5 in Dodging
   679 | Sewer    | Reached skill level 2 in Short Blades
   679 | Sewer    | Reached skill level 2 in Long Blades
   679 | Sewer    | Reached skill level 2 in Axes
   679 | Sewer    | Reached skill level 2 in Maces & Flails
   679 | Sewer    | Reached skill level 2 in Staves
   679 | Sewer    | Reached skill level 2 in Slings
   679 | Sewer    | Reached skill level 2 in Bows
   679 | Sewer    | Reached skill level 2 in Crossbows
   679 | Sewer    | Reached skill level 2 in Throwing
   679 | Sewer    | Reached skill level 2 in Stealth
   679 | Sewer    | Reached skill level 2 in Shields
   679 | Sewer    | Reached skill level 2 in Unarmed Combat
   679 | Sewer    | Reached skill level 2 in Evocations
   728 | Sewer    | Quit the game

Skill      XL: |  1  2  3  4  5  6 |
---------------+-------------------+-----
Spellcasting   | 5 |  5.3
Invocations    | 1 2 |  2.1
Short Blades   | 1 2 |  2.0
Long Blades    | 1 2 |  2.0
Axes           | 1 2 |  2.0
Maces & Flails | 1 2 |  2.0
Staves         | 1 2 |  2.0
Slings         | 1 2 |  2.0
Bows           | 1 2 |  2.0
Crossbows      | 1 2 |  2.0
Throwing       | 1 2 |  2.0
Armour         | 3 |  3.2
Stealth        | 1 2 |  2.0
Shields        | 1 2 |  2.0
Unarmed Combat | 1 2 |  2.0
Conjurations   | 1 |  1.5
Hexes          | 1 |  1.5
Summonings     | 1 |  1.5
Necromancy     | 1 |  1.5
Translocations | 1 |  1.5
Transmutations | 1 |  1.5
Fire Magic     | 1 |  1.5
Ice Magic      | 1 |  1.5
Air Magic      | 1 |  1.5
Earth Magic    | 1 |  1.5
Poison Magic   | 1 |  1.5
Evocations     | 1 2 |  2.0
Fighting       | 5 |  5.0
Polearms       | 5 |  5.0
Dodging        | 5 |  5.0
Charms         | |  5.6

Action                   |  1- 3 |  4- 6 || total
-------------------------+-------+-------++-------
Melee: Spear             |    69 |    37 ||   106
       Bite              |     6 |       ||     6
       Scythe            |       |     8 ||     8
Throw: Stone             |       |     1 ||     1
 Cast: Infusion          |     3 |       ||     3
       Spectral Weapon   |     4 |    10 ||    14
       Regeneration      |     1 |     3 ||     4
       Shroud of Golubri |     1 |       ||     1
  Use: Potion            |       |     5 ||     5
 Stab: Sleeping          |     1 |     1 ||     2
Armor: Leather armour    |     7 |     3 ||    10
Dodge: Dodged            |    27 |    24 ||    51

Table legend:
 A = Turns spent in this place as a percentage of turns spent in the entire game.
 B = Non-inter-level travel turns spent in this place as a percentage of non-inter-level travel turns spent in the entire game.
 C = Inter-level travel turns spent in this place as a percentage of turns spent in this place.
 D = Turns resting spent in this place as a percentage of non-inter-level travel turns spent in this place.
 E = Turns spent auto-exploring this place as a percentage of non-inter-level travel turns spent in this place.
 F = Non-inter-level travel turns spent in this place divided by the number of levels of this place that you've seen.
                   A       B       C       D       E      F
               +-------+-------+-------+-------+-------+----------------------
         Total | 100.0 | 100.0 |   0.0 |   0.0 |   0.0 | 145.6
       Dungeon |  81.2 |  81.2 |   0.0 |   0.0 |   0.0 | 147.8
         Sewer |  18.8 |  18.8 |   0.0 |   0.0 |   0.0 | 137.0
               +-------+-------+-------+-------+-------+----------------------

Table legend:
 A = Kills in this place as a percentage of kills in entire the game.
 B = Kills by you in this place as a percentage of kills by you in the entire game.
 C = Kills by friends in this place as a percentage of kills by friends in the entire game.
 D = Other kills in this place as a percentage of other kills in the entire game.
 E = Experience gained in this place as a percentage of experience gained in the entire game.
 F = Experience gained in this place divided by the number of levels of this place that you have seen.
                   A       B       C       D       E      F
               +-------+-------+-------+-------+-------+----------------------
         Total | 100.0 | 100.0 |   N/A | 100.0 | 100.0 |  96.8
       Dungeon |  73.8 |  75.6 |   N/A |   0.0 |  67.8 |  82.0
         Sewer |  26.2 |  24.4 |   N/A | 100.0 |  32.2 | 156.0
               +-------+-------+-------+-------+-------+----------------------

Levels and vault maps discovered:
D:1:      dpeg_arrival_solitude, layout_loops_ring, hex_medium
D:2:      layout_rooms, bloody_trog, kennysheep_generic_room_13
D:3:      layout_loops_ring, nicolae_overflow_crystal_walls,
          nicolae_overflow_hidden_temple, saegor_snake_ambush, uniq_sigmund,
          uniq_jessica
D:4:      minmay_chambers_of_twos, layout_gridville, portal_sewer_entry_e,
          serial_shops, nicolae_shop_crystal, shop, first_ration,
          nicolae_dithmenos_the_darkroom, uniq_blork_the_orc, uniq_duvessa
Sewer:    sewer_co_15_rooms
